 Dungeon Crawl Stone Soup version 0.25.1-2-g60ff931df9 (webtiles) character file.

Game seed: 4009962254505091974

187160 Atelerd the Unseen (level 18, -4/110 HPs)
             Began as an Octopode Venom Mage on July 30, 2020.
             Was a High Priest of Sif Muna.
             Slain by a +3 battleaxe of draining (26 damage)
             ... on level 2 of the Elven Halls on July 31, 2020.
             The game lasted 01:45:18 (35965 turns).

Atelerd the Unseen (Octopode Venom Mage)           Turns: 35965, Time: 01:45:18

Health: -4/110     AC:  7    Str:  9    XL:     18   Next: 50%
Magic:  12/43      EV: 23    Int: 44    God:    Sif Muna [*****.]
Gold:   2794       SH:  6    Dex: 21    Spells: 3/42 levels left

rFire    + . .     SeeInvis .   u - +9 hand axe of Qalei {freeze, rN+ Dex+4 Stlth+}
rCold    + . .     Gourm    .   U - +0 buckler
rNeg     + . .     Faith    .   M - +2 hat {Int+3}
rPois    +         Spirit   .   L - amulet of Buqaff {RegenMP *Drain rPois Dex+4}
rElec    .         Reflect  .   a - +4 ring of evasion
rCorr    .         Harm     .   d - ring of protection from fire
MR       +....                  V - +6 ring of intelligence
Stlth    ++++++++..             s - +6 ring of intelligence
HPRegen  0.28/turn              K - +4 ring of protection
MPRegen  0.53/turn              g - ring of poison resistance
                                j - +6 ring of intelligence
                                X - ring "Ynutum" {rC+ MP+9}

@: very slightly contaminated, studying Stealth
A: almost no armour, stealthy swim, amphibious, 8 rings, constrict 8, camouflage
1, gelatinous body 1
a: Channel Magic, Forget Spell, Divine Exegesis, Renounce Religion


You were on level 2 of the Elven Halls.
You worshipped Sif Muna.
Sif Muna was extremely pleased with you.
You were very hungry.

You visited 5 branches of the dungeon, and saw 26 of its levels.
You also visited: Gauntlet.

You collected 5031 gold pieces.
You spent 2237 gold pieces at shops.

Inventory:

Hand Weapons
 u - the +9 hand axe of Qalei (weapon) {freeze, rN+ Dex+4 Stlth+}
   (You found it on level 6 of the Lair of Beasts)

   It has been specially enchanted to freeze those struck by it, causing extra
   injury to most foes and up to half again as much damage against particularly
   susceptible opponents.
   It can also slow down cold-blooded creatures.
   It affects your dexterity (+4).
   It protects you from negative energy.
   It makes you more stealthy.
Armour
 M - a +2 hat of intelligence (worn)
 U - a +0 buckler (worn)
Jewellery
 a - a +4 ring of evasion (left tentacle)
 d - a ring of protection from fire (right tentacle)
 g - a ring of poison resistance (on tentacle)
 j - a +6 ring of intelligence (on tentacle)
 s - a +6 ring of intelligence (on tentacle)
 K - a +4 ring of protection (on tentacle)
 L - the amulet of Buqaff (around mantle) {RegenMP *Drain rPois Dex+4}
   (You found it in a Gauntlet)

   [amulet of magic regeneration]

   It increases your magic regeneration.
   It affects your dexterity (+4).
   It protects you from poison.
   It causes draining when unequipped.
 P - an uncursed ring of wizardry
 Q - an uncursed amulet of faith {unknown}
 V - a +6 ring of intelligence (on tentacle)
 X - the ring "Ynutum" (on tentacle) {rC+ MP+9}
   (You bought it in a shop on level 13 of the Dungeon)

   [ring of magical power]

   It protects you from cold.
   It affects your magic capacity (+9).
Wands
 l - a wand of iceblast (19)
 n - a wand of digging (20)
 R - a wand of acid (7)
 T - a wand of clouds (8)
Scrolls
 c - 10 scrolls of amnesia
 e - 8 scrolls of remove curse
 f - 2 scrolls of fog
 h - a scroll of identify
 p - a scroll of silence
 q - 9 scrolls of teleportation
 v - 3 scrolls of magic mapping
 x - 3 scrolls of blinking
 y - 6 scrolls of enchant weapon
 z - 4 scrolls of vulnerability
 B - 4 scrolls of enchant armour
 H - 3 scrolls of holy word
 I - 5 scrolls of fear
 J - 3 scrolls of immolation
 O - a scroll of torment
Potions
 i - 4 potions of heal wounds
 k - a potion of resistance
 m - 9 potions of curing
 o - 3 potions of magic
 r - 8 potions of lignification
 t - 4 potions of might
 w - 2 potions of flight
 A - 7 potions of brilliance
 C - 3 potions of stabbing
 D - 8 potions of haste
 E - 3 potions of berserk rage
 F - 3 potions of ambrosia
 S - 4 potions of cancellation
 W - 3 potions of degeneration {unknown}
Books
 N - a manual of Stealth
Miscellaneous
 G - a phantom mirror
Comestibles
 b - 49 rations


   Skills:
 - Level 6.0 Fighting
   Level 2.0 Short Blades
 - Level 7.0 Dodging
 - Level 15.1 Stealth
 - Level 6.0 Shields
 - Level 12.5 Spellcasting
 + Level 13.2 Conjurations
   Level 2.2 Hexes
 - Level 8.0 Summonings
 + Level 6.9 Necromancy
 - Level 3.0 Translocations
 - Level 9.0 Transmutations
 - Level 4.0 Fire Magic
 - Level 4.0 Air Magic
 - Level 7.0 Earth Magic
 - Level 10.0 Poison Magic
 * Level 11.8 Invocations
 - Level 5.0 Evocations


You had 3 spell levels left.
You knew the following spells:

 Your Spells              Type           Power        Failure   Level  Hunger
a - Sting                 Tmut/Pois      ####         1%          1    None
b - Mephitic Cloud        Conj/Pois/Air  #######.     1%          3    None
c - Blink                 Tloc           N/A          1%          2    None
d - Ignite Poison         Fire/Tmut/Pois #######.     1%          3    None
e - Olgreb's Toxic Radia  Pois           #######.     1%          4    None
g - Summon Ice Beast      Ice/Summ       ######..     1%          4    None
h - Summon Butterflies    Summ           #######.     1%          1    None
i - Borgnjor's Vile Clut  Necr/Erth      ######....   1%          5    None
k - Lee's Rapid Deconstr  Erth           ######....   1%          5    None
o - Orb of Destruction    Conj           #######...   4%          7    ####...
p - Petrify               Tmut/Erth      #######.     1%          4    None

Your spell library contained the following spells:

 Spells                   Type           Power        Failure   Level  Hunger
 Magic Dart               Conj           ####         0%          1    None
 Animate Skeleton         Necr           N/A          1%          1    None
 Apportation              Tloc           ######       1%          1    None
 Corona                   Hex            #####..      1%          1    None
 Foxfire                  Conj/Fire      ####         1%          1    None
 Infusion                 Chrm           ####         1%          1    None
 Pain                     Necr           ####         1%          1    None
 Summon Small Mammal      Summ           ####         1%          1    None
 Call Imp                 Summ           #######.     1%          2    None
 Passwall                 Tmut/Erth      #######.     1%          2    None
 Poisonous Vapours        Pois/Air       ######       1%          2    None
 Shroud of Golubria       Chrm/Tloc      #####.       1%          2    None
 Slow                     Hex            #####...     1%          2    None
 Song of Slaying          Chrm           ####....     1%          2    None
 Call Canine Familiar     Summ           #######.     1%          3    None
 Confusing Touch          Hex            #####...     1%          3    None
 Conjure Flame            Conj/Fire      #######.     1%          3    None
 Gell's Gravitas          Tloc           ######....   1%          3    None
 Inner Flame              Hex/Fire       ######..     1%          3    None
 Lesser Beckoning         Tloc           ######....   1%          3    None
 Portal Projectile        Hex/Tloc       ######       1%          3    None
 Recall                   Summ/Tloc      N/A          1%          3    None
 Spectral Weapon          Hex/Chrm       #####...     1%          3    None
 Spider Form              Tmut/Pois      #######...   1%          3    None
 Summon Guardian Golem    Hex/Summ       ######..     1%          3    None
 Tukima's Dance           Hex            #####...     1%          3    None
 Vampiric Draining        Necr           ######....   1%          3    None
 Ozocubu's Armour         Chrm/Ice       ####....     3%          3    None
 Animate Dead             Necr           N/A          1%          4    None
 Leda's Liquefaction      Hex/Erth       ######....   1%          4    None
 Sticky Flame             Conj/Fire      #######.     1%          4    None
 Summon Lightning Spire   Summ/Air       ######..     1%          4    None
 Agony                    Necr           ######..     1%          5    None
 Alistair's Intoxication  Tmut/Pois      #######.     1%          5    None
 Aura of Abjuration       Summ           #######...   1%          5    None
 Blade Hands              Tmut           #######...   1%          5    None
 Bolt of Magma            Conj/Fire/Erth #######...   1%          5    None
 Fireball                 Conj/Fire      #######...   1%          5    None
 Iskenderun's Battlesphe  Conj/Chrm      ######..     1%          5    None
 Lightning Bolt           Conj/Air       #######...   1%          5    None
 Iron Shot                Conj/Erth      #######...   2%          6    None
 Summon Forest            Summ/Tloc      ######....   3%          5    None
 Summon Mana Viper        Hex/Summ       ######..     3%          5    None
 Yara's Violent Unravell  Hex/Tmut       ######....   3%          5    None
 Cause Fear               Hex            #####.....   4%          4    None
 Death Channel            Necr           ######....   10%         6    None
 Spellforged Servitor     Conj/Summ      #######...   12%         7    ####...
 Metabolic Englaciation   Hex/Ice        #####.....   19%         5    None
 Summon Hydra             Summ           #######...   32%         7    ####...
 Simulacrum               Ice/Necr       ######....   36%         6    None
 Invisibility             Hex            #####...     54%         6    None
 Lehudib's Crystal Spear  Conj/Erth      #######...   73%         8    #####..
 Borgnjor's Revivificati  Necr           ######....   99%         8    #####..
 Infestation              Necr           ######....   99%         8    #####..


Dungeon Overview and Level Annotations

Branches:
Dungeon (15/15)            Temple (1/1) D:6            Lair (6/6) D:10
  Swamp (0/4) Lair:2        Snake (0/4) Lair:2        Slime (0/5) Lair:5
    Orc (2/2) D:11            Elf (2/3) Orc:2        Vaults (0/5) D:13
 Depths (0/5) D:15        Gauntlet (visited)

Altars:
Ashenzari
Cheibriados
Dithmenos
Elyvilon
Fedhas
Gozag
Hepliaklqana
Kikubaaqudgha
Makhleb
Nemelex Xobeh
Okawaru
Qazlal
Ru
Sif Muna
Trog
Uskayaw
Vehumet
Wu Jian
Xom
Yredelemnul
Zin
The Shining One
Beogh
Jiyva

Shops:
D:6 :!   D:7 *   D:13 =   D:14 }   Orc:1 *   Orc:2 %?%[:

Portals:
Pandemonium: Orc:2

Annotations:
D:10 exclusion: downstairs


Innate Abilities, Weirdness & Mutations

You cannot wear most types of armour.
You are very stealthy in the water. (Stealth+)
You are amphibious.
You can wear up to eight rings at the same time.
You can use your tentacles to constrict eight enemies at once.
Your skin changes colour to match your surroundings (Stealth+).
Your rubbery body absorbs attacks. (AC +1, EV +1)


Message History

* * * LOW HITPOINT WARNING * * *
You block the deep elf blademaster's attack.
Unknown command.
You feel much better.
The zombie hands constrict the +1 vorpal hand axe.
The zombie hands release their grip on the +1 vorpal hand axe.
The deep elf blademaster seems less confused.
The +1 vorpal hand axe hits you! The deep elf blademaster misses you.
The deep elf blademaster hits you but does no damage.
The +2 glaive of flaming hits you from afar!
* * * LOW HITPOINT WARNING * * *
The +2 glaive of flaming burns you.
* * * LOW HITPOINT WARNING * * *
Unknown command.
Blink to where?
Press: ? - help, Dir - move target cursor You are very lightly contaminated with residual magic.
As you read the scroll of blinking, it crumbles to dust.
The +3 battleaxe of draining hits you!!
You die...

.#.++#''.#.## #.##
#...##### ##
######'''######
#....#...#§)..# #
#....#...#.e(.# ### ##
#..###.).###(○# ##(##
.###..#.......#○)# ##..†##
..##..#.......#(.# #.....#
)###..#.......#.@# ##...##
## #..'......)'..# ##.#'##
# #..#.......#..# ####.##
#..#.......#..# ##.##
#..#.......#..# ##.##
#..####'####..#########
##'#
#.............#....<..#
##.
####......)......#.......#
##..
..########)#######.......#
#...


You could see a deep elf blademaster and 3 dancing weapons.

Vanquished Creatures
  Rupert (Lair:3)
  An azure jelly (shapeshifter) (Elf:2)
  Nessos (Lair:4)
  4 dire elephants (Lair:6)
  A minotaur (Gauntlet)
  A fire dragon (D:14)
  Josephine (D:10)
  A deep elf high priest (Elf:1)
  The ghost of Relyufa the Cleaver, a journeyman GrFi of Okawaru (D:11)
  5 vault guards (D:13)
  Erolcha (D:10)
  5 hydras
  A death knight (D:14)
  4 centaur warriors
  9 two-headed ogres
  An anaconda (Lair:6)
  15 dancing weapons
  An ogre mage (Orc:1)
  A two-headed ogre (shapeshifter) (Elf:1)
  5 tengu warriors
  5 orc high priests
  Urug (Lair:6)
  15 deep elf knights
  A fire crab (D:14)
  Nergalle (D:10)
  4 skeletal warriors (D:15)
  4 wizards
  6 unseen horrors
  A gelid demonspawn (Orc:2)
  A torturous demonspawn (Orc:2)
  7 deep elf archers
  A necromancer (D:15)
  A wolf spider zombie (D:15)
  5 ugly things
  4 orc knights (Orc:2)
  3 manticores
  12 orc sorcerers
  4 cyclopes
  47 deep elf magi
  Joseph (D:9)
  17 elephants
  A rust devil (Orc:2)
  A moth of wrath (Gauntlet)
  5 spiny frogs
  2 gargoyles
  Maggie (D:6)
  A smoke demon (Orc:2)
  A torpor snail (Gauntlet)
  A yaktaur (D:14)
  3 efreet
  A redback zombie (D:14)
  A rime drake (Lair:5)
  2 hellwings (Orc:2)
  5 komodo dragons
  An ice devil (Orc:2)
  A red devil (Orc:2)
  A tyrant leech (Lair:2)
  Grinder (D:4)
  3 tengu conjurers
  8 trolls
  A wolf spider simulacrum (D:15)
  A merfolk (D:9)
  A hornet (D:9)
  A polar bear (Lair:5)
  3 slime creatures (D:14)
  4 dream sheep (Lair:5)
  8 blink frogs
  A dream sheep (shapeshifter) (D:14)
  9 hippogriffs
  An air elemental (Elf:2)
  4 redbacks (Gauntlet)
  3 shadows
  Sigmund (D:2)
  A spriggan (shapeshifter) (D:15)
  37 yaks
  5 wraiths
  A hungry ghost (D:12)
  6 wyverns
  A fire elemental (Elf:2)
  A golden eye (shapeshifter) (Elf:2)
  4 vampire mosquitoes (D:12)
  3 basilisks
  2 swamp worms (Lair:2)
  5 wargs
  A soldier ant (D:15)
  An acid dragon (D:14)
  4 water moccasins
  6 porcupines
  2 hornet zombies
  35 orc warriors
  3 black bears
  3 phantoms
  3 ice beasts
  4 sky beasts
  2 eyes of draining (D:13)
  A tengu (shapeshifter) (D:14)
  16 ogres
  3 wolves (Lair:1)
  15 centaurs
  10 crocodiles
  A big kobold (D:13)
  Blork the orc (D:14)
  23 bullfrogs
  2 earth elementals
  A wyvern skeleton (D:6)
  5 scorpions
  12 killer bees
  8 wights
  4 electric eels
  8 crimson imps
  6 howler monkeys
  A bullfrog zombie (D:9)
  6 centaur zombies
  2 quasits
  12 hounds
  4 bullfrog skeletons
  3 jellies
  28 orc priests
  Crazy Yiuf (D:2)
  6 centaur skeletons
  21 orc wizards
  5 iguanas
  10 worker ants
  A killer bee zombie (D:7)
  2 hound skeletons
  A howler monkey zombie (D:5)
  A gnoll (D:1)
  A howler monkey skeleton (D:6)
  19 adders
  5 shadow imps
  2 adder zombies
  2 adder skeletons
  2 worms
  3 dart slugs
  3 leopard geckos (D:11)
  90 orcs
  7 bats
  6 giant cockroaches
  2 goblins
  6 hobgoblins
  6 jackals
  2 quokkas
  A ball python (D:5)
  4 frilled lizards (D:1)
  14 kobolds
  A quokka skeleton (D:9)
  11 rats
  A fungus (Lair:6)
  3 plants (Lair:6)
820 creatures vanquished.

Vanquished Creatures (collateral kills)
  A stone giant (Orc:1)
  5 hydras
  A catoblepas (Lair:5)
  A deep elf mage (D:15)
  4 black mambas
  6 spiny frogs
  A komodo dragon (Lair:4)
  A hippogriff (Lair:6)
  4 fire elementals
  5 water moccasins
  A porcupine (Lair:1)
30 creatures vanquished.

Vanquished Creatures (others)
  3 fungi (Lair:2)
  2 plants (Lair:6)
5 creatures vanquished.

Grand Total: 855 creatures vanquished

Notes
Turn   | Place    | Note
-------+----------+-------------------------------------------
     0 | D:1      | Atelerd the Octopode Venom Mage began the quest for the
                  | Orb.
     0 | D:1      | Reached XP level 1. HP: 11/11 MP: 3/3
   494 | D:1      | Reached XP level 2. HP: 10/17 MP: 5/5
   896 | D:1      | Reached skill level 3 in Stealth
  1043 | D:1      | Reached XP level 3. HP: 20/21 MP: 6/6
  1050 | D:1      | Learned a level 3 spell: Mephitic Cloud
  1962 | D:2      | Reached XP level 4. HP: 6/27 MP: 4/7
  2246 | D:2      | Found a runed translucent door.
  2246 | D:2      | Noticed Sigmund
  2247 | D:2      | Noticed Crazy Yiuf
  2569 | D:2      | Killed Crazy Yiuf
  2576 | D:2      | Killed Sigmund
  2576 | D:2      | Reached skill level 4 in Stealth
  2576 | D:2      | Reached skill level 1 in Air Magic
  2576 | D:2      | Reached skill level 5 in Poison Magic
  2576 | D:2      | Reached XP level 5. HP: 31/31 MP: 5/9
  2576 | D:2      | Reached XP level 6. HP: 36/36 MP: 5/10
  2593 | D:2      | Learned a level 4 spell: Olgreb's Toxic Radiance
  3054 | D:3      | Found a sparkling altar of Nemelex Xobeh.
  3759 | D:4      | Reached XP level 7. HP: 41/41 MP: 6/11
  3808 | D:4      | Learned a level 3 spell: Ignite Poison
  3866 | D:4      | Noticed Grinder
  3874 | D:4      | Paralysed by Grinder for 2 turns
  3878 | D:4      | Killed Grinder
  3878 | D:4      | Reached skill level 5 in Stealth
  4742 | D:4      | Reached XP level 8. HP: 38/46 MP: 13/13
  4905 | D:5      | Entered Level 5 of the Dungeon
  5184 | D:5      | Found a shattered altar of Ashenzari.
  5643 | D:5      | Found a stormy altar of Qazlal.
  6351 | D:6      | Reached skill level 1 in Evocations
  6379 | D:6      | Found Rikure Tosm's Distillery.
  6382 | D:6      | Found Weizyrast's Book Boutique.
  6603 | D:6      | Reached skill level 1 in Fighting
  6603 | D:6      | Reached skill level 1 in Fire Magic
  6619 | D:6      | Noticed Maggie
  6737 | D:6      | Found a radiant altar of Vehumet.
  6772 | D:6      | Found a basalt altar of Yredelemnul.
  6779 | D:6      | Reached XP level 9. HP: 53/53 MP: 3/16
  6799 | D:6      | Killed Maggie
  6972 | D:6      | Reached skill level 6 in Stealth
  7009 | D:6      | Reached skill level 5 in Spellcasting
  7011 | D:6      | Found a staircase to the Ecumenical Temple.
  7026 | Temple   | Entered the Ecumenical Temple
  7259 | Temple   | Became a worshipper of Sif Muna the Loreminder
  7476 | D:6      | Reached skill level 1 in Invocations
  7810 | D:6      | Learned a level 4 spell: Summon Lightning Spire
  8036 | D:6      | Learned a level 2 spell: Blink
  8079 | D:7      | Found a radiant altar of Vehumet.
  8138 | D:7      | Found an opulent altar of Gozag.
  8148 | D:7      | Reached skill level 1 in Summonings
  8218 | D:7      | Found Qevidoasch's General Store.
  8338 | D:7      | Bought a scroll of teleportation for 42 gold pieces
  8338 | D:7      | Bought a scroll of magic mapping for 49 gold pieces
  8338 | D:7      | Bought a scroll of random uselessness for 14 gold pieces
  8935 | D:8      | Found a white marble altar of Elyvilon.
  9086 | D:8      | Found a shadowy altar of Dithmenos.
  9112 | D:8      | Found a basalt altar of Yredelemnul.
  9117 | D:8      | Reached skill level 7 in Stealth
  9120 | D:8      | Found a blossoming altar of Fedhas.
  9123 | D:8      | Found an iron altar of Okawaru.
  9422 | D:9      | Noticed a troll
  9612 | D:8      | Reached skill level 10 in Poison Magic
  9612 | D:8      | Reached XP level 10. HP: 27/60 MP: 9/17
 10217 | D:9      | Reached skill level 5 in Invocations
 10230 | D:9      | Noticed Joseph
 10240 | D:9      | Killed Joseph
 10240 | D:9      | Reached * piety under Sif Muna
 10240 | D:9      | Reached skill level 5 in Summonings
 11160 | D:9      | Found an ornate altar of the Wu Jian Council.
 11170 | D:10     | Entered Level 10 of the Dungeon
 11203 | D:10     | Noticed Erolcha
 11210 | D:10     | Killed Erolcha
 11277 | D:10     | Reached XP level 11. HP: 53/66 MP: 0/19
 11472 | D:10     | Reached ** piety under Sif Muna
 11960 | D:10     | Found a staircase to the Lair.
 11966 | D:10     | Noticed Nergalle
 11977 | D:10     | Killed Nergalle
 12263 | D:10     | Noticed Josephine
 12266 | D:10     | Killed Josephine
 12768 | D:11     | Found a runed translucent door.
 12768 | D:11     | Noticed Relyufa's ghost (journeyman GrFi)
 12811 | D:11     | Noticed a brown ugly thing
 12820 | D:11     | Killed a brown ugly thing
 12891 | D:11     | Noticed a green ugly thing
 12900 | D:11     | Killed a green ugly thing
 13074 | D:11     | Killed an unseen horror
 13074 | D:11     | Reached skill level 1 in Short Blades
 13074 | D:11     | Reached skill level 1 in Conjurations
 13456 | D:11     | Noticed a manticore
 13470 | D:11     | Killed a manticore
 13861 | D:11     | Noticed a cyan ugly thing
 13870 | D:11     | Killed a cyan ugly thing
 13870 | D:11     | Reached XP level 12. HP: 74/74 MP: 3/24
 13993 | D:11     | Reached *** piety under Sif Muna
 14272 | D:11     | Found a staircase to the Orcish Mines.
 14276 | D:11     | Found a roughly hewn altar of Beogh.
 15315 | D:12     | Reached skill level 10 in Spellcasting
 15705 | D:12     | Reached **** piety under Sif Muna
 15834 | D:12     | Reached skill level 1 in Translocations
 16270 | D:12     | Learned a level 4 spell: Summon Ice Beast
 16429 | D:13     | Noticed a vault guard
 16548 | D:13     | Reached skill level 1 in Shields
 16551 | D:13     | Killed a vault guard
 16595 | D:13     | Noticed a vault guard
 16610 | D:13     | Killed a vault guard
 16629 | D:13     | Noticed a vault guard
 16629 | D:13     | Noticed a deep elf knight
 16639 | D:13     | Killed a deep elf knight
 16699 | D:13     | Reached XP level 13. HP: 72/79 MP: 6/27
 16702 | D:13     | Identified the +2 plate armour of Sif Muna's Castigation
                  | {Regen+ Int-2 Dex+3}
 16944 | D:13     | Found Opnoah's Jewellery Emporium.
 16954 | D:13     | Bought the ring "Ynutum" {rC+ MP+9} for 374 gold pieces
 17409 | D:13     | Noticed a vault guard
 17449 | D:13     | Killed a vault guard
 17449 | D:13     | Reached skill level 5 in Dodging
 17543 | D:13     | Noticed a vault guard
 17544 | D:13     | Killed a vault guard
 17544 | D:13     | Reached skill level 5 in Conjurations
 17548 | D:13     | Killed a vault guard
 17641 | D:13     | Found a gate to the Vaults.
 17793 | Lair:1   | Entered Level 1 of the Lair of Beasts
 18261 | Lair:1   | Reached ***** piety under Sif Muna
 18282 | Lair:1   | Received a gift from Sif Muna
 18290 | Lair:1   | Learned a level 1 spell: Summon Butterflies
 18296 | Lair:1   | Learned a level 5 spell: Borgnjor's Vile Clutch
 18340 | Lair:1   | Learned a level 3 spell: Tukima's Dance
 19252 | Lair:2   | Identified a scroll of acquirement
 19381 | Lair:2   | Reached skill level 1 in Necromancy
 19606 | Lair:2   | Found a staircase to the Swamp.
 20418 | Lair:2   | Found a staircase to the Snake Pit.
 20799 | Lair:3   | Reached skill level 10 in Invocations
 20966 | Lair:3   | Noticed Rupert
 20974 | Lair:3   | Killed Rupert
 21229 | Lair:3   | Reached XP level 14. HP: 85/85 MP: 26/29
 22076 | Lair:4   | Acquired 2090 gold pieces
 22078 | Lair:4   | Noticed Nessos
 22086 | Lair:4   | Killed Nessos
 22478 | Lair:4   | Found a gate leading to a gauntlet.
 22492 | Gauntlet | Entered a Gauntlet
 22492 | Gauntlet | Found a transporter.
 22497 | Gauntlet | Found a transporter.
 22508 | Gauntlet | Found a transporter.
 22511 | Gauntlet | Found a transporter.
 22524 | Gauntlet | Found a transporter.
 22536 | Gauntlet | Found a transporter.
 22546 | Gauntlet | Found a transporter.
 22551 | Gauntlet | Found a transporter.
 22554 | Gauntlet | Found a transporter.
 22568 | Gauntlet | Found a transporter.
 22579 | Gauntlet | Found a transporter.
 22579 | Gauntlet | Found a transporter.
 22612 | Gauntlet | Found a transporter.
 22631 | Gauntlet | Found a transporter.
 22958 | Gauntlet | Got a transparent crystal amulet
 22965 | Gauntlet | Identified the amulet of Buqaff {RegenMP *Drain rPois
                  | Dex+4} (You found it in a Gauntlet)
 22976 | Gauntlet | Reached skill level 5 in Necromancy
 22991 | Gauntlet | Got a clouded zirconium amulet
 23054 | Gauntlet | Identified the +2 ring mail of the Accordion {rPois rN+++
                  | Str-2 Stlth+}
 23472 | Lair:4   | Identified the amulet "Dabenn" {Inacc rElec rPois} (You
                  | found it in a Gauntlet)
 23680 | Lair:5   | Identified Sif Muna's Catalogue of Ashen Evil (Sif Muna
                  | gifted it to you on level 5 of the Lair of Beasts)
 23680 | Lair:5   | Received a gift from Sif Muna
 23689 | Lair:5   | Learned a level 5 spell: Lee's Rapid Deconstruction
 23914 | Lair:5   | Reached skill level 1 in Earth Magic
 24285 | Lair:5   | Found a staircase to the Slime Pits.
 24286 | Lair:5   | Found a viscous altar of Jiyva.
 24444 | Lair:6   | Entered Level 6 of the Lair of Beasts
 24834 | Lair:6   | Noticed Urug
 24840 | Lair:6   | Killed Urug
 25562 | Lair:6   | Noticed a dire elephant
 25562 | Lair:6   | Noticed a dire elephant
 25566 | Lair:6   | Noticed a dire elephant
 25591 | Lair:6   | Noticed a dire elephant
 25598 | Lair:6   | Killed a dire elephant
 25701 | Lair:6   | Killed a dire elephant
 25701 | Lair:6   | Killed a dire elephant
 25708 | Lair:6   | Learned a level 4 spell: Petrify
 25736 | Lair:6   | Killed a dire elephant
 25827 | Lair:6   | Got an iridescent hand axe
 25936 | Lair:6   | Reached XP level 15. HP: 82/90 MP: 27/31
 26359 | D:11     | Killed Relyufa's ghost
 26359 | D:11     | Reached skill level 5 in Earth Magic
 26615 | Orc:1    | Entered Level 1 of the Orcish Mines
 26801 | Orc:1    | Reached skill level 5 in Shields
 26801 | Orc:1    | Reached skill level 5 in Transmutations
 26801 | Orc:1    | Received a gift from Sif Muna
 26885 | Orc:1    | Reached skill level 5 in Fighting
 27349 | Orc:1    | You fall into a shaft and drop 1 floor!
 27349 | Orc:2    | Entered Level 2 of the Orcish Mines
 27594 | Orc:1    | Found Miopp's General Store.
 27660 | Orc:1    | Bought a potion of brilliance for 52 gold pieces
 28500 | Orc:2    | Found Xiveaf's Food Shoppe.
 28731 | Orc:2    | Found Caumefif's Magic Scroll Emporium.
 28933 | Orc:2    | Bought a scroll of identify for 28 gold pieces
 28933 | Orc:2    | Bought a scroll of identify for 28 gold pieces
 28933 | Orc:2    | Bought a scroll of blinking for 105 gold pieces
 28935 | Orc:2    | Identified the +9 hand axe of Qalei {freeze, rN+ Dex+4
                  | Stlth+} (You found it on level 6 of the Lair of Beasts)
 29014 | Orc:2    | Found a staircase to the Elven Halls.
 29091 | Orc:2    | Found Raarov's Food Shop.
 29259 | Orc:2    | Received a gift from Sif Muna
 29398 | Orc:2    | Paralysed by an orc sorcerer for 7 turns
 29470 | Orc:2    | Found Kekk's Antique Armour Shop.
 29470 | Orc:2    | Found a one-way gate leading to the halls of Pandemonium.
 29470 | Orc:2    | Found Ryecabyt's Book Boutique.
 29797 | Orc:2    | Bought a manual of Stealth for 1545 gold pieces
 29944 | D:14     | Reached skill level 1 in Hexes
 29946 | D:14     | Reached skill level 8 in Stealth
 30129 | D:14     | Learned a level 7 spell: Orb of Destruction
 30170 | D:14     | Reached skill level 9 in Stealth
 30331 | D:14     | Reached XP level 16. HP: 44/99 MP: 15/32
 30763 | D:14     | You fall into a shaft and drop 1 floor!
 30763 | D:15     | Entered Level 15 of the Dungeon
 30797 | D:15     | Reached skill level 10 in Conjurations
 30800 | D:15     | Reached skill level 10 in Stealth
 30905 | D:15     | Found an ornate altar of the Wu Jian Council.
 31165 | D:15     | Found a staircase to the Depths.
 31261 | D:15     | Reached skill level 11 in Stealth
 31451 | D:15     | Found an iron altar of Okawaru.
 31954 | D:14     | Identified Naitabog's Tome of Transformation (Sif Muna
                  | gifted it to you on level 14 of the Dungeon)
 31954 | D:14     | Received a gift from Sif Muna
 32046 | D:14     | Found Upea's Gadget Boutique.
 32400 | D:14     | Reached skill level 12 in Stealth
 32539 | D:14     | Noticed Blork the orc
 32547 | D:14     | Killed Blork the orc
 32578 | D:14     | Found a shimmering blue altar of Sif Muna.
 32981 | Elf:1    | Entered Level 1 of the Elven Halls
 33725 | Elf:1    | Reached skill level 13 in Stealth
 34033 | Elf:1    | Reached skill level 14 in Stealth
 34192 | Elf:1    | Reached XP level 17. HP: 79/105 MP: 28/33
 34430 | Elf:1    | Reached skill level 15 in Stealth
 34430 | Elf:1    | Reached XP level 18. HP: 91/110 MP: 31/34
 35190 | Elf:2    | Identified Sif Muna's Catalogue of Attacks and the
                  | Entourage (Sif Muna gifted it to you on level 2 of the
                  | Elven Halls)
 35190 | Elf:2    | Received a gift from Sif Muna
 35622 | Elf:2    | Found a runed translucent gate.
 35622 | Elf:2    | Found a runed translucent gate.
 35632 | Elf:2    | Found a runed translucent gate.
 35937 | Elf:2    | Noticed a deep elf blademaster
 35959 | Elf:2    | Reached skill level 5 in Evocations
 35965 | Elf:2    | Slain by a +3 battleaxe of draining

Illustrated notes

Levels and vault maps discovered:
D:1:      dpeg_arrival_three_same_balls, layout_basic
D:2:      layout_loops_ring, ebering_dispersal_statue_hall,
          uniq_crazy_yiuf_cottage, uniq_sigmund
D:3:      layout_basic, lemuel_coloured_pillars_altar, minmay_vboxes
D:4:      layout_gridville, uniq_grinder
D:5:      layout_basic, first_ration, basic_altar, serial_bayou_pond_d,
          grunt_ministairs_12, minmay_misc_feat_x, nicolae_ashenzari_panopticon
D:6:      layout_rooms, overflow_temple_1_default, minmay_temple_entry_arrows,
          serial_shops, shop, shop, basic_altar, uniq_maggie
D:7:      layout_basic, lemuel_crystal_altar, basic_altar, serial_shops, shop
D:8:      layout_cave_pools, elyvilon_altar_3, nicolae_dithmenos_the_darkroom,
          chequers_temple_overflow_statue_of_worship
D:9:      minmay_evil_eye, layout_irregular_city, kennysheep_little_box,
          hangedman_fish_farm, item_on_display_a, uniq_joseph
D:10:     layout_loops_ring, due_lair_maze_entry_diamond,
          minmay_tree_intersection, uniq_josephine, uniq_erolcha, uniq_nergalle
D:11:     layout_loops_cross, minmay_orc_entry_temple_small,
          hellmonk_ghost_happy_afterlife
D:12:     layout_loops_cross, minmay_radiant
D:13:     layout_rooms, grunt_vaults_entry_fortified, serial_shops, shop
D:14:     minmay_the_grid_octo_2x2 [minmay_the_grid_octo_chip,
          minmay_the_grid_octo_clover, minmay_the_grid_octo_fat_diamond,
          minmay_the_grid_octo_prize_square_snowflake], layout_irregular_city,
          chequers_serial_rivers_micro_c, serial_shops, kennysheep_mini_moat,
          tgw_sif
D:15:     grunt_enter_depths_magical_seal, layout_long_grid, hex_tiny,
          basic_altar, lemuel_altar_in_water
Temple:   nicolae_temple_figure_eight
Lair:1:   layout_misc_corridors, beast_lair_carwin_7, serial_bayou_shore_a,
          grunt_megastairs_5, serial_bayou_shore_b, lemuel_fruit_tree
Lair:2:   layout_long_grid, minmay_swamp_entry_worms, dummy_snake_entry
Lair:3:   layout_regular_city, uniq_rupert
Lair:4:   layout_long_grid, gauntlet_entry_generic, beast_lair_carwin_4,
          uniq_nessos
Lair:5:   layout_misc_corridors, slime_altar_1, serial_bayou_shore_b
Lair:6:   due_jungle_book, layout_misc_corridors, uniq_urug
Orc:1:    minmay_goldmine, layout_caves, serial_shops, nicolae_shop_crystal,
          guppyfry_orc_lava_fort
Orc:2:    pf_orc_diabolical, layout_caves, serial_shops, shop,
          nicolae_orc_flooded_monolith
Elf:1:    elf_arrival_001, layout_geoelf_grid,
          hangedman_elven_crosses_minicolossus, feat_on_display
Elf:2:    layout_geoelf_octagon, minivault_26, roderic_roman_lattice

Skill      XL: |  1  2  3  4  5  6  7  8  9 10 11 12 13 14 15 16 17 18 |
---------------+-------------------------------------------------------+-----
Stealth        | 3 4 5 7 9 14 15 | 15.1
Poison Magic   | 4 5 6 7 9 10 | 10.0
Transmutations | 2 3 4 7 9 |  9.0
Air Magic      | 1 2 3 4 |  4.0
Dodging        | 3 4 6 7 |  7.0
Spellcasting   | 3 4 5 8 10 11 12 | 12.5
Evocations     | 2 3 5 |  5.0
Fighting       | 1 2 4 6 |  6.0
Fire Magic     | 1 2 3 4 |  4.0
Invocations    | 3 5 8 10 11 | 11.8
Summonings     | 2 7 8 |  8.0
Short Blades   | 2 |  2.0
Conjurations   | 3 4 6 9 12 13 | 13.2
Translocations | 2 3 |  3.0
Shields        | 3 4 6 |  6.0
Necromancy     | 3 5 6 |  6.9
Earth Magic    | 4 7 |  7.0
Hexes          | 2 |  2.2

Action                   |  1- 3 |  4- 6 |  7- 9 | 10-12 | 13-15 | 16-18 || total
-------------------------+-------+-------+-------+-------+-------+-------++-------
Melee: Unarmed           |    31 |       |       |       |       |       ||    31
       Constrict         |    14 |    22 |    48 |    35 |    37 |    22 ||   178
       Tentacles         |    11 |    10 |    41 |    33 |    58 |    30 ||   183
       Spear             |    23 |       |       |       |       |       ||    23
       Short sword       |    19 |    63 |   201 |   169 |   204 |       ||   656
       Staff             |       |       |       |       |     5 |       ||     5
       Hand axe          |       |       |       |       |    13 |   118 ||   131
 Cast: Sting             |    11 |     7 |    12 |    10 |     7 |       ||    47
       Mephitic Cloud    |       |     1 |    21 |    51 |    23 |    22 ||   118
       Olgreb's Toxic Ra |       |     3 |    25 |    66 |   203 |    99 ||   396
       Ignite Poison     |       |       |    29 |    83 |   182 |    91 ||   385
       Blink             |       |       |       |     5 |    12 |     3 ||    20
       Summon Lightning  |       |       |       |     2 |     9 |       ||    11
       Summon Ice Beast  |       |       |       |       |    66 |    20 ||    86
       Borgnjor's Vile C |       |       |       |       |    32 |    42 ||    74
       Lee's Rapid Decon |       |       |       |       |    27 |    28 ||    55
       Petrify           |       |       |       |       |     6 |     3 ||     9
       Summon Butterflie |       |       |       |       |     8 |     1 ||     9
       Orb of Destructio |       |       |       |       |       |     3 ||     3
Invok: Channel Magic     |       |       |       |     4 |     7 |     4 ||    15
Evoke: Wand              |       |       |       |     6 |     5 |       ||    11
  Use: Potion            |       |     2 |     1 |     3 |     4 |     3 ||    13
       Scroll            |       |       |       |    13 |    22 |     5 ||    40
 Stab: Sleeping          |    11 |    10 |    14 |    14 |    19 |    13 ||    81
       Distracted        |     1 |       |     1 |       |     1 |       ||     3
       Confused          |       |     2 |     1 |     3 |       |       ||     6
       Petrified         |       |       |       |       |     5 |     7 ||    12
       Petrifying        |       |       |       |       |       |     1 ||     1
  Eat: Chunk             |     3 |     6 |    24 |    18 |    37 |    18 ||   106
       Ration            |       |       |       |     3 |     2 |       ||     5
Armor: Skin              |     5 |     7 |    11 |    31 |    29 |    19 ||   102
Dodge: Dodged            |    42 |    69 |   185 |   165 |   220 |   143 ||   824
Block: Buckler           |       |       |       |     7 |    44 |    55 ||   106
